 Dungeon Crawl Stone Soup version 0.30-a0-782-ge64f9170bb (webtiles) character file.

Game seed: 862193902714671756

1630 mbizzle the Geomancer (level 8, -9/48 HPs)
             Began as a Gargoyle Earth Elementalist on Mar 11, 2023.
             Was an Initiate of Vehumet.
             Mangled by an orc warrior
             ... wielding a +0 glaive
              (13 damage)
             ... in a bailey.
             The game lasted 00:15:51 (6539 turns).

mbizzle the Geomancer (Gargoyle Earth Elementalist) Turns: 6539, Time: 00:15:51

Health: -9/48      AC:  7    Str: 12    XL:     8   Next: 97%
Magic:  1/15       EV: 12    Int: 18    God:    Vehumet [......]
Gold:   267        SH:  8    Dex: 10    Spells: 10/16 levels left

rFire   . . .      SeeInvis .    D - +2 morningstar (venom)
rCold   . . .      Faith    .    B - +0 buckler
rNeg    + . .      Spirit   .    a - +0 robe
rPois   ∞          Reflect  +    C - +0 hat
rElec   +          Harm     .    (no cloak)
rCorr   .          Rampage  .    (no gloves)
Will    .....                    (no boots)
Stlth   ++                       H - amulet of reflection
HPRegen 0.28/turn                v - ring of wizardry
MPRegen 0.14/turn                y - +4 ring of slaying

@: no status effects
A: sickness immunity, AC +5, negative energy resistance 1, electricity
resistance, torment resistance 1, petrification resistance
a: Renounce Religion


You were in a bailey.
You worshipped Vehumet.
Vehumet was noncommittal.
You visited 2 branches of the dungeon, and saw 8 of its levels.
You also visited: Bailey.

You collected 267 gold pieces.

Inventory:

Hand Weapons
 e - a +0 dagger
 o - a +1 mace of holy wrath
 D - a +2 morningstar of venom (weapon)
Missiles
 g - 16 poisoned darts
 G - a throwing net
Armour
 a - a +0 robe (worn)
 p - a +0 leather armour
 B - a +0 buckler (worn)
 C - a +0 hat (worn)
Magical Staves
 J - a staff of death
Jewellery
 j - the amulet "Taerere" {RegenMP Int+3 Dex+3}
   (You found it on level 7 of the Dungeon)

   [amulet of magic regeneration]

   It increases your rate of magic regeneration.
   Int:       It affects your intelligence (+3).
   Dex:       It affects your dexterity (+3).
 s - the ring of Qiorij {Fire rElec rPois Will- Str+5}
   (You found it on level 4 of the Dungeon)

   [ring of fire]

   It enhances your fire magic.
   Str:       It affects your strength (+5).
   rF:        It protects you from fire.
   rC:        It makes you vulnerable to cold.
   rElec:     It insulates you from electricity.
   rPois:     It protects you from poison.
   Will:      It decreases your willpower.
 v - a ring of wizardry (left hand)
 y - a +4 ring of slaying (right hand)
 H - an amulet of reflection (around neck)
Wands
 k - a wand of mindburst (16)
Scrolls
 c - 2 scrolls of teleportation
 h - 2 scrolls of amnesia
 m - a scroll of fog
 r - 4 scrolls of noise {unknown}
 u - a scroll of enchant armour {unknown}
 x - a scroll of silence {unknown}
 z - a scroll of blinking {unknown}
 I - a scroll of butterflies {unknown}
Potions
 b - a potion of magic
 d - 2 potions of invisibility
 f - 2 potions of curing
 i - a potion of attraction
 l - 2 potions of degeneration
 n - a potion of brilliance
 q - a potion of flight
 t - a potion of ambrosia
 w - 2 potions of lignification {unknown}
 A - a potion of haste
 E - a potion of cancellation {unknown}
 F - a potion of mutation {unknown}


   Skills:
 + Level 4.9 Fighting
 - Level 2.0 Armour
 + Level 4.3 Dodging
 - Level 2.1 Stealth
 + Level 4.8 Spellcasting
 - Level 0.7 Transmutations
 * Level 9.0 Earth Magic


You had 10 spell levels left.
You knew the following spells:

 Your Spells              Type           Power      Damage    Failure   Level
a - Sandblast             Erth           72%        2d16      1%          1
b - Passwall              Tmut/Erth      17%        N/A       1%          2
c - Stone Arrow           Conj/Erth      40%        3d9       3%          3

Your spell library contained the following spells:

 Spells                   Type           Power      Damage    Failure   Level
 Beastly Appendage        Tmut           14%        N/A       6%          1
 Kiss of Death            Conj/Necr      16%        2d6       8%          1
 Wereblood                Tmut           7%         N/A       9%          2
 Petrify                  Tmut/Erth      21%        N/A       11%         4
 Ensorcelled Hibernation  Hex/Ice        8%         N/A       12%         2
 Spider Form              Tmut/Pois      5%         N/A       19%         3
 Confusing Touch          Hex            4%         N/A       22%         3
 Ozocubu's Armour         Ice            4%         N/A       22%         3
 Tukima's Dance           Hex            4%         N/A       22%         3
 Anguish                  Hex/Necr       2%         N/A       56%         4
 Dispel Undead            Necr           4%         3d7       56%         4
 Passage of Golubria      Tloc           4%         N/A       56%         4
 Yara's Violent Unravell  Hex/Tmut       2%         3d3       85%         5
 Metabolic Englaciation   Hex/Ice        2%         N/A       87%         5
 Simulacrum               Ice/Necr       2%         N/A       100%        6


Dungeon Overview and Level Annotations

Branches:
Dungeon (7/15)             Temple (1/1) D:7          Bailey (1/1)

Altars:
Cheibriados
Dithmenos
Elyvilon
Fedhas
Gozag
Hepliaklqana
Kikubaaqudgha
Makhleb
Nemelex Xobeh
Okawaru
Qazlal
Ru
Sif Muna
Trog
Uskayaw
Vehumet
Wu Jian
Xom
Zin
The Shining One

Annotations:
D:3 Terence
D:5 Dowan


Innate Abilities, Weirdness & Mutations

You are immune to sickness and miasma.
Your stone body is resilient. (AC +5)
You are immune to poison.
You resist negative energy. (rN+)
You are resistant to electric shocks. (rElec)
You are resistant to unholy torment.
You are immune to petrification.


Message History

Unknown command.
Casting: Sandblast (safe; 1% risk of failure)
Confirm with . or Enter, or press ? or * to list all spells.
Aiming: Sandblast (safe; 1% risk of failure)
Press: ? - help, Shift-Dir - straight line, f/p - orc warrior
Aim: an orc warrior, wielding a +0 glaive and wearing a +0 plate armour (almost dead, 84% to hit)
The blast of sand hits the orc warrior but does no damage.
The orc warrior is almost dead.
The orc warrior hits you from afar with a +0 glaive.
* * * LOW HITPOINT WARNING * * *
The orc warrior hits you from afar with a +0 glaive!
* * * LOW HITPOINT WARNING * * *
Unknown command.
Casting: Sandblast (safe; 1% risk of failure)
Confirm with . or Enter, or press ? or * to list all spells.
Aiming: Sandblast (safe; 1% risk of failure)
Press: ? - help, Shift-Dir - straight line, f/p - orc warrior
Aim: an orc warrior, wielding a +0 glaive and wearing a +0 plate armour (almost dead, 84% to hit)
The blast of sand hits the orc warrior but does no damage.
The orc warrior is almost dead.
The orc warrior hits you but does no damage.
Unknown command.
Casting: Sandblast (safe; 1% risk of failure)
Confirm with . or Enter, or press ? or * to list all spells.
Aiming: Sandblast (safe; 1% risk of failure)
Press: ? - help, Shift-Dir - straight line, f/p - orc warrior
Aim: an orc warrior, wielding a +0 glaive and wearing a +0 plate armour (almost dead, 84% to hit)
The blast of sand hits the orc warrior but does no damage.
The orc warrior is almost dead.
The orc warrior misses you. You block the orc warrior's attack.
Unknown command.
Casting: Sandblast (safe; 1% risk of failure)
Confirm with . or Enter, or press ? or * to list all spells.
Aiming: Sandblast (safe; 1% risk of failure)
Press: ? - help, Shift-Dir - straight line, f/p - orc warrior
Aim: an orc warrior, wielding a +0 glaive and wearing a +0 plate armour (almost dead, 84% to hit)
The blast of sand hits the orc warrior but does no damage.
The orc warrior is almost dead.
The orc warrior hits you from afar with a +0 glaive!
You die...

.##≈...............≈##.##≈.....#
...................))...#≈.....#
)∩#≈ . ........≈#∩.##≈.....#
)##≈.. ####....≈##.#≈≈.....#
.≈≈≈.. #....≈≈≈.≈≈......# ......
#................# .....#
#................# .....#
#..##............# ....##
##@##............# ....#
#o'.##............# ....#
###.##............# ....#
+.##............# ....#
#.##............# ...
..#.............# .....##
.##.............# ......##
##..............# .≈≈≈...####
####...≈≈≈.≈≈......#


You could see an orc warrior.

Vanquished Creatures
  A water moccasin (D:5)
  5 orc warriors
  2 ice beasts (D:7)
  An ogre (D:7)
  A phantom (D:5)
  3 scorpions
  4 wights (D:6)
  2 hounds
  A gnoll bouda (D:6)
  2 iguanas (D:6)
  2 adders
  4 gnolls (D:6)
  2 shadow imps
  2 dart slugs (D:3)
  22 orcs
  3 bats
  2 endoplasms
  3 giant cockroaches
  11 goblins
  12 hobgoblins
  4 jackals (D:3)
  5 kobolds
  5 quokkas
  5 ball pythons
  2 frilled lizards
  3 rats
109 creatures vanquished.

Vanquished Creatures (others)
  2 plants (D:6)
2 creatures vanquished.

Grand Total: 111 creatures vanquished

Notes
Turn   | Place    | Note
-------+----------+-------------------------------------------
     0 | D:1      | mbizzle the Gargoyle Earth Elementalist began the quest for
                  | the Orb.
     0 | D:1      | Reached XP level 1. HP: 10/10 MP: 3/3
   139 | D:1      | Reached XP level 2. HP: 16/16 MP: 0/5
   356 | D:1      | Reached skill level 4 in Earth Magic
   900 | D:2      | Reached XP level 3. HP: 20/20 MP: 3/6
   991 | D:2      | Reached skill level 1 in Fighting
  1530 | D:2      | Reached skill level 1 in Armour
  1581 | D:2      | You fall into a shaft and drop 1 floor!
  1646 | D:3      | Learned a level 2 spell: Passwall
  1650 | D:3      | Learned a level 3 spell: Stone Arrow
  1983 | D:3      | Reached XP level 4. HP: 15/25 MP: 1/7
  2338 | D:3      | Noticed Terence
  2496 | D:4      | Noticed a scorpion
  2561 | D:4      | Identified the ring of Qiorij {Fire rElec rPois Will-
                  | Str+5}
  2763 | D:4      | Killed a scorpion
  2764 | D:4      | Reached skill level 5 in Earth Magic
  2764 | D:4      | Reached XP level 5. HP: 30/30 MP: 4/8
  3182 | D:5      | Entered Level 5 of the Dungeon
  3268 | D:5      | Noticed a water moccasin
  3274 | D:5      | Killed a water moccasin
  3275 | D:5      | Reached XP level 6. HP: 27/35 MP: 4/10
  3322 | D:5      | Noticed Dowan
  3583 | D:5      | Reached skill level 6 in Earth Magic
  3646 | D:5      | Reached XP level 7. HP: 38/40 MP: 7/12
  4393 | D:6      | Found a snail-covered altar of Cheibriados.
  4393 | D:6      | Found a burning altar of Makhleb.
  4393 | D:6      | Found an ornate altar of the Wu Jian Council.
  4530 | D:6      | Reached skill level 7 in Earth Magic
  4982 | D:6      | Found a hide-covered altar of Uskayaw.
  5444 | D:7      | Reached XP level 8. HP: 48/48 MP: 8/14
  5693 | D:7      | Identified the amulet "Taerere" {RegenMP Int+3 Dex+3}
  5772 | D:7      | Found a staircase to the Ecumenical Temple.
  5777 | Temple   | Entered the Ecumenical Temple
  5794 | Temple   | Became a worshipper of Vehumet
  5888 | D:7      | Reached skill level 8 in Earth Magic
  5893 | D:7      | Found a flagged portal.
  5903 | Bailey   | Entered a bailey
  6459 | Bailey   | Reached skill level 9 in Earth Magic
  6536 | Bailey   | HP: 2/48 [orc warrior/+0 glaive (11)]
  6539 | Bailey   | Mangled by an orc warrior

Illustrated notes

Levels and vault maps discovered:
D:1:      dpeg_arrival_shelter, layout_loops_cross
D:2:      layout_basic
D:3:      layout_loops_cross, minmay_between, uniq_terence
D:4:      layout_gridville
D:5:      layout_rooms, gammafunk_ghost_cemetery,
          amcnicky_mini_corridor_feature, minivault_25, uniq_crazy_yiuf_cottage,
          uniq_duvessa
D:6:      layout_basic, gammafunk_temple_overflow_forgotten,
          nicolae_overflow_crystal_walls
D:7:      layout_basic, mainiacjoe_overflow_24_doors, temple_doors_e,
          enter_bailey_4
Temple:   lightli_temple_of_artemis
Bailey:   bailey_polearm_2, bailey

Skill      XL: |  1  2  3  4  5  6  7  8 |
---------------+-------------------------+-----
Earth Magic    | 4 5 6 7 9 |  9.0
Fighting       | 1 2 3 4 |  4.9
Armour         | 1 2 |  2.0
Dodging        | 2 3 4 |  4.3
Spellcasting   | 3 4 |  4.8
Stealth        | |  2.1
Transmutations | |  0.7

Action                     |  1- 3 |  4- 6 |  7- 9 || total
---------------------------+-------+-------+-------++-------
  Melee: Morningstar       |       |       |    10 ||    10
   Cast: Sandblast         |    57 |    51 |   127 ||   235
    Use: Scroll            |       |     3 |     9 ||    12
         Potion            |       |       |     1 ||     1
 Armour: Robe              |     1 |     6 |    15 ||    22
  Dodge: Dodged            |     2 |    11 |    70 ||    83
  Block: Buckler           |       |       |    23 ||    23
         Reflection        |       |       |    10 ||    10

Table legend: (Time is in decaauts)
 A = Elapsed time spent in this place.
 B = Non-inter-level travel time spent in this place.
 C = Inter-level travel time spent in this place.
 D = Time resting spent in this place.
 E = Time spent auto-exploring this place.
 F = Levels seen in this place.
 G = Mean time per level.
                   A        B        C        D        E       F      G
               +--------+--------+--------+--------+--------+-----+--------+
         Total |   6645 |   6444 |    201 |   1186 |   3821 |   9 |  738.3 |
       Dungeon |   5949 |   5748 |    201 |    796 |   3821 |   7 |  849.9 |
        Temple |     34 |     34 |      0 |      0 |      0 |   1 |   34.0 |
        Bailey |    660 |    660 |      0 |    390 |      0 |   1 |  660.0 |
               +--------+--------+--------+--------+--------+-----+--------+

Top non-repeatable levels by time:
     D:6: 1407 daAuts
     D:1: 909 daAuts
     D:5: 878 daAuts
     D:3: 801 daAuts
     D:2: 795 daAuts
     D:4: 715 daAuts
  Bailey: 660 daAuts
     D:7: 442 daAuts
  Temple: 34 daAuts
